AoeStats
← Marta

Black Forest

510635610Analyzed
4v4 RM · 2d ago on Oct 1, 2026· 45m 31s· 8 players
Game mode
Random Map
Map size
Large (8 player)
Population
200
Speed
Normal
Resources
Standard
Victory
Conquest
Starting age
Dark Age
Ending age
Imperial Age
RankedLock teamsTeams togetherTeam positionsShared explorationLock speedFull tech treeHidden civsTurbo modeCheats
Victory
Defeat
🇹🇷 Armenians · Türkiye
1288
+14
🇻🇪 Mongols · Venezuela
1275
+14
🇨🇦 Persians · Canada
1249
+15
🇮🇱 Turks · Israel
1229
+16
🇧🇷 Cumans · Brazil
1286
-17
🇺🇸 Armenians · United States
1226
-14
🇦🇷 Bohemians · Argentina
1215
-14
🇦🇷 Varangians · Argentina
1205
-14
dedw1ng
1:19 Loom
11:47 Feudal Age
15:28 Double-Bit Axe
17:55 Castle Age
16:22 Bloodlines
17:19 Horse Collar
22:17 Heavy Plow
25:13 Scale Barding Armor
28:47 Wheelbarrow
29:57 Bow Saw
33:06 Imperial Age
31:35 Hand Cart
31:46 Chain Barding Armor
34:32 Plate Barding Armor
33:58 Husbandry
33:26 Elite War Elephant
35:27 Conscription
35:19 Forging
36:41 Iron Casting
36:13 Caravan
36:25 Gold Mining
36:28 Stone Mining
40:59 Blast Furnace
46:24 Gold Shaft Mining
46:26 Stone Shaft Mining
LT_OmniSK
1:35 Loom
10:59 Feudal Age
11:45 Man-at-Arms
13:52 Town Watch
20:34 Double-Bit Axe
21:52 Fishing Lines
24:35 Castle Age
25:19 Long Swordsman
26:21 Bow Saw
25:53 Horse Collar
26:33 Gillnets
29:40 Wheelbarrow
32:16 Imperial Age
30:03 Scale Mail Armor
29:24 Long Swordsman
30:35 Forging
30:35 Two-Handed Swordsman
31:01 Gambesons
31:43 Squires
31:59 Chain Mail Armor
32:02 Hand Cart
32:12 Gold Mining
32:31 Caravan
33:11 Iron Casting
33:51 Plate Mail Armor
33:35 Champion
35:17 Blast Furnace
37:01 Conscription
36:39 Arson
37:19 Fereters
43:48 Pikeman
44:44 Halberdier
RagnarLothbrok
11:47 Feudal Age
12:55 Double-Bit Axe
15:24 Castle Age
16:23 Bow Saw
15:53 Horse Collar
18:22 Horse Collar
19:18 Wheelbarrow
18:28 Town Watch
18:42 Fishing Lines
22:43 Wheelbarrow
22:07 Gillnets
22:34 Gold Mining
25:28 Loom
28:48 Imperial Age
28:22 Ballistics
28:07 Fletching
28:44 Bodkin Arrow
28:55 Padded Archer Armor
29:01 Thumb Ring
28:58 Capped Ram
30:43 Bracer
31:33 Gold Shaft Mining
30:49 Stone Mining
31:36 Bloodlines
31:27 Husbandry
31:19 Siege Ram
32:16 Caravan
32:52 Parthian Tactics
33:51 Drill
33:52 Conscription
34:29 Onager
35:37 Scale Barding Armor
36:07 Leather Archer Armor
35:34 Light Cavalry
36:21 Elite Mangudai
38:29 Chemistry
40:26 Siege Onager
41:56 Hoardings
45:27 Siege Engineers
Mike
3:21 Loom
12:35 Feudal Age
13:53 Double-Bit Axe
19:39 Castle Age
21:24 Bow Saw
22:38 Wheelbarrow
21:48 Horse Collar
23:11 Heavy Plow
23:00 Fishing Lines
24:44 Gillnets
26:22 Hand Cart
27:07 Gold Mining
27:07 Stone Mining
29:19 Gold Shaft Mining
28:44 Fletching
28:54 Padded Archer Armor
32:21 Imperial Age
30:17 Fortified Wall
30:27 Ballistics
30:09 Bodkin Arrow
30:29 Leather Archer Armor
32:24 Elite Janissary
33:08 Artillery
33:28 Conscription
34:07 Bracer
34:38 Ring Archer Armor
34:31 Bombard Tower
35:16 Caravan
35:34 Murder Holes
37:04 Coinage
38:49 Hoardings
37:58 Treadmill Crane
38:28 Masonry
PeneTratoR_
0:47 Loom
16:08 Feudal Age
17:24 Double-Bit Axe
17:20 Horse Collar
20:13 Castle Age
21:51 Wheelbarrow
21:27 Bow Saw
21:19 Heavy Plow
34:40 Imperial Age
32:45 Hand Cart
33:00 Man-at-Arms
33:26 Gambesons
33:41 Squires
33:27 Arson
33:03 Pikeman
33:44 Scale Mail Armor
34:13 Long Swordsman
34:13 Halberdier
35:10 Chain Mail Armor
35:06 Forging
34:56 Two-Handed Swordsman
36:44 Plate Mail Armor
37:28 Chemistry
37:20 Champion
40:03 Conscription
40:42 Fletching
40:52 Padded Archer Armor
40:58 Padded Archer Armor
41:20 Ballistics
41:11 Masonry
40:57 Murder Holes
41:51 Bodkin Arrow
42:55 Bracer
Mionel Lessi
2:32 Loom
12:01 Feudal Age
13:29 Wheelbarrow
12:50 Horse Collar
13:39 Town Watch
14:17 Fishing Lines
24:53 Castle Age
24:11 Stone Mining
24:12 Gold Mining
25:51 Hand Cart
25:39 Heavy Plow
25:26 Double-Bit Axe
26:22 Gold Shaft Mining
25:40 Gillnets
27:09 Fletching
27:29 Forging
27:25 Scale Barding Armor
31:33 Bow Saw
34:15 Imperial Age
32:55 Chain Barding Armor
33:10 Iron Casting
33:16 Steppe Husbandry
|WolkF|
12:13 Feudal Age
13:46 Loom
16:30 Castle Age
15:57 Double-Bit Axe
15:54 Horse Collar
21:22 Wheelbarrow
22:51 Gold Mining
25:37 Bow Saw
25:32 Heavy Plow
25:29 Stone Mining
27:16 Stone Shaft Mining
27:52 Hand Cart
31:21 Imperial Age
28:46 Town Watch
30:26 Scale Barding Armor
30:32 Forging
30:57 Fletching
32:31 Bodkin Arrow
33:11 Elite Jarl
34:14 Bloodlines
33:24 Cavalier
34:08 Husbandry
35:47 Chain Barding Armor
37:48 Crop Rotation
41:52 Bracer
42:31 Plate Barding Armor
42:31 Iron Casting
Marta
0:31 Loom
13:59 Feudal Age
18:07 Castle Age
17:00 Double-Bit Axe
19:18 Bow Saw
25:34 Wheelbarrow
24:45 Town Watch
25:48 Fervor
26:01 Horse Collar
29:25 Hand Cart
29:27 Heavy Plow
32:17 Imperial Age
31:45 Chemistry
31:25 Scale Mail Armor
31:36 Forging
31:27 Padded Archer Armor
32:34 Ballistics
32:05 Fletching
32:34 Chain Mail Armor
32:55 Iron Casting
31:43 Pikeman
32:23 Squires
32:08 Arson
33:29 Halberdier
34:41 Plate Mail Armor
35:14 Blast Furnace
35:21 Siege Engineers
37:09 Fortified Wall
36:25 Houfnice
37:21 Elite Skirmisher
40:01 Bodkin Arrow
45:20 Leather Archer Armor
Connection lost

Rejoining the realm…

Still unreachable

The connection could not be restored.

Session expired

The server has moved on; the page needs a fresh start.